 Dungeon Crawl Stone Soup version 0.30-a0-772-g5528072125 (webtiles) character file.

Game seed: 15275272254501916871

1334 avis the Skirmisher (level 8, -8/63 HPs)
             Began as a Demigod Hunter on Feb 12, 2023.
             Mangled by Pikel
             ... wielding a +1 whip of flaming
              (9 damage)
             ... on level 4 of the Dungeon.
             The game lasted 00:35:56 (5244 turns).

avis the Skirmisher (Demigod Hunter)                Turns: 5244, Time: 00:35:57

Health: -8/63      AC:  4    Str: 12    XL:     8   Next: 12%
Magic:  10/10      EV: 14    Int: 11    God:
Gold:   337        SH:  0    Dex: 31    Spells: 7/7 levels left

rFire   . . .      SeeInvis .    a - +0 shortbow
rCold   . . .      Faith    .    (shield currently unavailable)
rNeg    . . .      Spirit   .    c - +0 leather armour
rPois   +          Reflect  .    (no helmet)
rElec   .          Harm     .    n - +0 cloak
rCorr   .          Rampage  .    (no gloves)
Will    .....                    (no boots)
Stlth   +++                      h - amulet of magic regeneration
HPRegen 0.30/turn                N - +6 ring of dexterity
MPRegen 0.52/turn                r - ring of poison resistance

@: invisible
A: high MP 1, forlorn, divine attributes
a: no special abilities


You were on level 4 of the Dungeon.
You visited 1 branch of the dungeon, and saw 5 of its levels.
You also visited: Sewer and Ossuary.

You collected 337 gold pieces.

Inventory:

Hand Weapons
 a - a +0 shortbow (weapon)
 b - a +2 falchion of holy wrath
 y - a +0 short sword
 H - a +0 dagger
 L - the +4 quarterstaff "Xesav" {elec, Int+3}
   (You found it on level 5 of the Dungeon)

   Int:       It affects your intelligence (+3).
Missiles
 m - 13 poisoned darts
 B - 2 throwing nets
Armour
 c - a +0 leather armour (worn)
 n - a +0 cloak (worn)
 C - a +0 buckler
Jewellery
 d - a +5 ring of evasion
 h - an amulet of magic regeneration (around neck)
 r - a ring of poison resistance (right hand)
 G - a ring of wizardry
 N - a +6 ring of dexterity (left hand)
Wands
 w - a wand of polymorph (13)
 x - a wand of roots (5)
Scrolls
 e - 2 scrolls of teleportation {unknown}
 g - 2 scrolls of magic mapping
 i - 3 scrolls of immolation
 l - 3 scrolls of enchant armour {unknown}
 q - 3 scrolls of enchant weapon {unknown}
 s - 2 scrolls of poison {unknown}
 v - 2 scrolls of noise {unknown}
 A - a scroll of torment {unknown}
 F - a scroll of vulnerability {unknown}
 M - a scroll of amnesia {unknown}
Potions
 f - 3 potions of brilliance
 j - 2 potions of lignification
 k - 2 potions of attraction
 o - a potion of invisibility
 p - 2 potions of might
 t - 5 potions of curing
 u - a potion of ambrosia
 z - a potion of flight
 E - a potion of resistance {unknown}
 I - 2 potions of berserk rage {unknown}
 J - 2 potions of mutation {unknown}
 K - 2 potions of degeneration {unknown}


   Skills:
 - Level 3.0 Fighting
 * Level 9.1 Ranged Weapons
 - Level 3.0 Dodging
 - Level 3.0 Stealth


You had 7 spell levels left.
You didn't know any spells.
Your spell library contained the following spells:

 Spells                   Type           Power      Damage    Failure   Level
 Kiss of Death            Conj/Necr      0%         2d5       41%         1
 Sandblast                Erth           0%         2d4       41%         1
 Summon Small Mammal      Summ           0%         N/A       41%         1
 Passwall                 Tmut/Erth      0%         N/A       56%         2
 Call Canine Familiar     Summ           0%         N/A       80%         3
 Confusing Touch          Hex            0%         N/A       80%         3
 Inner Flame              Hex/Fire       0%         N/A       80%         3
 Stone Arrow              Conj/Erth      0%         3d7       80%         3
 Summon Guardian Golem    Hex/Summ       0%         N/A       80%         3
 Cause Fear               Hex            0%         N/A       99%         4
 Dispel Undead            Necr           0%         3d6       99%         4
 Discord                  Hex            0%         N/A       100%        8


Dungeon Overview and Level Annotations

Branches:
Dungeon (5/15)              Sewer (visited)         Ossuary (visited)
 Temple: D:4-7

Annotations:
D:2 Sigmund
D:3 3 runed translucent doors, pokeman's ghost, amateur DEHW
D:4 Pikel


Innate Abilities, Weirdness & Mutations

You have an increased reservoir of magic. (+10% MP)
You shall have no god before yourself.
Your divine heritage dramatically boosts your attributes as you level up.


Message History

Press: ? - help, Q - select action, (/) - cycle Shift-Dir - straight line, f - Pikel
Aim: Pikel, wielding a +1 whip of flaming and wearing a +0 robe (lightly wounded, 66% to hit)
You shoot an arrow. The arrow hits Pikel.
Pikel is moderately wounded.
Pikel hits you with a +1 whip of flaming!
Pikel burns you.
You feel much better.
Pikel hits you with a +1 whip of flaming!
Pikel burns you.
Fire: a) +0 shortbow
Press: ? - help, Q - select action, (/) - cycle Shift-Dir - straight line, f/p - Pikel
Aim: Pikel, wielding a +1 whip of flaming and wearing a +0 robe (moderately wounded, 66% to hit)
You shoot an arrow. The arrow hits Pikel.
Pikel is moderately wounded.
Pikel says, "Dispater doesn't talk much, but I know they dig me."
Pikel hits you with a +1 whip of flaming.
Pikel burns you.
Okay, then.
You fade into invisibility!
Pikel misses you.
Pikel cracks his whip.
There is an open door here.
Fire: a) +0 shortbow
Press: ? - help, Q - select action, (/) - cycle Shift-Dir - straight line, f/p - Pikel
Aim: Pikel, wielding a +1 whip of flaming and wearing a +0 robe (moderately wounded, unable to see you, 66% to hit)
You shoot an arrow. The arrow barely misses Pikel.
Pikel hits you with a +1 whip of flaming!
* * * LOW HITPOINT WARNING * * *
Pikel burns you.
* * * LOW HITPOINT WARNING * * *
Fire: a) +0 shortbow
Press: ? - help, Q - select action, (/) - cycle Shift-Dir - straight line, f/p - Pikel
Aim: Pikel, wielding a +1 whip of flaming and wearing a +0 robe (moderately wounded, wandering, unable to see you, hasn't noticed you, 66% to hit)
You shoot an arrow. The arrow closely misses Pikel.
Pikel hits you with a +1 whip of flaming!
* * * LOW HITPOINT WARNING * * *
Pikel burns you.
* * * LOW HITPOINT WARNING * * *
Pikel hits you with a +1 whip of flaming!
You die...

....#......#............#........
....#......#.....##.....##.......
#...#......###############.......
#...##+##.........#..........##..
#.......#.........#...>......####
#.......+.........'..........#...
#.......#.........#..........#...
#.......#........K#.....##...'...
#.......#.......@.#.....##...##..
........#.........#.....##...###'
........#.........#.....#....##..
........'.........'.....#....#...
#.......#........<########...#...
#.......#................#...#...
#.......#................'...#...
'.......+................#...#...
####+####................######..


You could see Pikel (unable to see you).

Vanquished Creatures
  Eustachio (D:5)
  A water moccasin (D:5)
  Blork the orc (D:5)
  A phantom (D:3)
  An elf zombie (Ossuary)
  6 scorpions
  A howler monkey (D:4)
  2 centaur zombies (Ossuary)
  3 hounds (D:5)
  A jelly (D:5)
  An iguana (D:2)
  A hell rat (Sewer)
  2 mummies (Ossuary)
  3 gnolls (D:3)
  7 adders
  3 river rats
  A worm (D:4)
  4 dart slugs
  An orc (D:3)
  5 ball pythons
  2 bats
  4 endoplasms
  6 giant cockroaches
  8 goblins
  6 hobgoblins
  10 jackals
  7 quokkas
  3 frilled lizards (D:1)
  3 goblin zombies (Ossuary)
  12 hobgoblin zombies (Ossuary)
  3 jackal zombies (Ossuary)
  4 kobolds
  9 kobold zombies (Ossuary)
  6 orc zombies (Ossuary)
  12 rats
  A rat zombie (Ossuary)
142 creatures vanquished.

Vanquished Creatures (others)
  A plant (D:5)
1 creature vanquished.

Grand Total: 143 creatures vanquished

Notes
Turn   | Place    | Note
-------+----------+-------------------------------------------
     0 | D:1      | avis the Demigod Hunter began the quest for the Orb.
     0 | D:1      | Reached XP level 1. HP: 17/17 MP: 3/3
   155 | D:1      | Reached skill level 4 in Ranged Weapons
   179 | D:1      | Reached XP level 2. HP: 24/24 MP: 4/4
   222 | D:1      | Reached skill level 1 in Stealth
   532 | D:2      | Reached XP level 3. HP: 29/29 MP: 5/5
   865 | D:2      | Noticed Sigmund
  1825 | D:3      | Reached XP level 4. HP: 20/36 MP: 6/6
  1979 | D:3      | Found a runed translucent gate.
  1980 | D:3      | Found a runed translucent gate.
  1980 | D:3      | Found a runed translucent gate.
  1981 | D:3      | Noticed an ogre
  1981 | D:3      | Noticed pokeman's ghost (amateur DEHW)
  2079 | D:3      | Reached skill level 5 in Ranged Weapons
  2156 | D:3      | Noticed a phantom
  2162 | D:3      | Killed a phantom
  2163 | D:3      | Reached XP level 5. HP: 41/41 MP: 7/7
  2745 | D:4      | Reached skill level 6 in Ranged Weapons
  2755 | D:4      | Found a glowing drain.
  2765 | Sewer    | Entered a sewer
  3352 | D:4      | Reached XP level 6. HP: 46/48 MP: 8/8
  3764 | D:5      | Entered Level 5 of the Dungeon
  3767 | D:5      | Noticed Blork the orc
  3778 | D:5      | Killed Blork the orc
  3779 | D:5      | Reached skill level 7 in Ranged Weapons
  3781 | D:5      | Identified the +4 quarterstaff "Xesav" {elec, Int+3}
  3816 | D:5      | Found a sand-covered staircase.
  3860 | Ossuary  | Entered an ossuary
  4068 | Ossuary  | Reached XP level 7. HP: 51/55 MP: 9/9
  4223 | Ossuary  | Reached skill level 8 in Ranged Weapons
  4679 | D:5      | Noticed Eustachio
  4708 | D:5      | Killed Eustachio
  4881 | D:5      | Reached XP level 8. HP: 53/63 MP: 10/10
  5153 | D:5      | Reached skill level 9 in Ranged Weapons
  5220 | D:5      | Noticed Pikel
  5244 | D:4      | HP: 1/63 [Pikel/+1 whip of flaming (4)]
  5244 | D:4      | Mangled by Pikel

Illustrated notes

Levels and vault maps discovered:
D:1:      grunt_arrival_lava_bath, layout_rooms,
          ebering_ecumenical_altar_petrified
D:2:      layout_loops_cross, minmay_misc_feat_secret_circle, uniq_sigmund
D:3:      layout_basic, mainiacjoe_overflow_divided_tiny, xom_redecorated,
          amcnicky_altar_gilded, ebering_ghost_gozag
D:4:      layout_gridville, gup_sewer_entry_bubbles
D:5:      layout_basic, chequers_ossuary_entry_cave, serial_bayou_ford_a,
          minivault_26, minmay_crystal_room, uniq_eustachio, uniq_pikel,
          uniq_blork_the_orc

Skill      XL: |  1  2  3  4  5  6  7  8 |
---------------+-------------------------+-----
Fighting       | 2 3 |  3.0
Ranged Weapons | 4 5 6 7 8 9 |  9.1
Dodging        | 2 3 |  3.0
Stealth        | 2 3 |  3.0

Action                     |  1- 3 |  4- 6 |  7- 9 || total
---------------------------+-------+-------+-------++-------
  Melee: Quarterstaff      |       |       |     7 ||     7
   Fire: Shortbow          |   101 |   224 |   149 ||   474
  Throw: Dart              |     2 |       |       ||     2
    Use: Scroll            |     6 |     5 |       ||    11
         Potion            |     1 |       |     2 ||     3
 Armour: Leather armour    |     5 |    30 |    17 ||    52
  Dodge: Dodged            |    32 |   126 |    74 ||   232

Table legend: (Time is in decaauts)
 A = Elapsed time spent in this place.
 B = Non-inter-level travel time spent in this place.
 C = Inter-level travel time spent in this place.
 D = Time resting spent in this place.
 E = Time spent auto-exploring this place.
 F = Levels seen in this place.
 G = Mean time per level.
                   A        B        C        D        E       F      G
               +--------+--------+--------+--------+--------+-----+--------+
         Total |   5381 |   4873 |    508 |    574 |   2472 |   7 |  768.7 |
       Dungeon |   4794 |   4286 |    508 |    484 |   2472 |   5 |  958.8 |
         Sewer |    123 |    123 |      0 |     10 |      0 |   1 |  123.0 |
       Ossuary |    463 |    463 |      0 |     80 |      0 |   1 |  463.0 |
               +--------+--------+--------+--------+--------+-----+--------+

Top non-repeatable levels by time:
     D:4: 1283 daAuts
     D:3: 1223 daAuts
     D:2: 833 daAuts
     D:5: 820 daAuts
     D:1: 633 daAuts
 Ossuary: 463 daAuts
   Sewer: 123 daAuts
